 Dungeon Crawl Stone Soup version 0.26-a0-660-gc07710193c (webtiles) character file.

Game seed: 7891973533886537219

85151 dickylongcocking the Thaumaturge (level 15, -34/140 HPs)
             Began as a Felid Delver on Oct 5, 2020.
             Was an Initiate of Gozag.
             Annihilated by Donald
             ... wielding a +2 double sword of electrocution
              (38 damage)
             ... on level 1 of the Swamp on Oct 6, 2020.
             The game lasted 01:01:53 (48443 turns).

dickylongcocking the Thaumaturge (Felid Delver)    Turns: 48443, Time: 01:01:53

Health: -34/140    AC: 28    Str:  8      XL:     15   Next: 37%
Magic:  9/33       EV: 34    Int: 17      God:    Gozag
Gold:   3320       SH:  0    Dex: 18 (19) Spells: 2/41 levels left
                                        Lives:  0   Deaths: 4

rFire    . . .     SeeInvis +     - Unarmed
rCold    + . .     Faith    .   (shield unavailable)
rNeg     + . .     Spirit   .   (armour unavailable)
rPois    ∞         Reflect  .   (helmet unavailable)
rElec    +         Harm     .   (cloak unavailable)
rCorr    .         Rampage  .   (gloves unavailable)
MR       ++...                  (boots unavailable)
Stlth    ..........             v - amulet of the Air {Inacc +Fly rElec EV+5 RMsl}
HPRegen  0.33/turn              I - ring of protection from cold
MPRegen  0.23/turn              y - +4 ring of protection

@: mighty, berserking (expiring), statue-form, repel missiles
A: very small, no armour, no weapons or thrown items, stealth, claws 1, fangs 3,
see invisible, deterioration 1, MP-powered wands, sharp paws
a: End Transformation, Potion Petition, Call Merchant, Bribe Branch, Renounce
Religion, Evoke Flight


You were on level 1 of the Swamp.
You worshipped Gozag.
Gozag was most pleased with you.
You were a stone statue.
You visited 5 branches of the dungeon, and saw 25 of its levels.
You also visited: Sewer and Bailey.

You collected 8920 gold pieces.
You spent 2689 gold pieces at shops.
You paid 2911 gold pieces to Gozag.

Inventory:

Jewellery
 b - a +6 ring of intelligence {unknown}
 f - an uncursed ring of stealth
 g - an uncursed ring of fire
 v - the amulet of the Air (around neck) {Inacc +Fly rElec EV+5 RMsl}
   (You found it on level 6 of the Lair of Beasts)

   [amulet of inaccuracy]

   It reduces the accuracy of all your attacks.
   It affects your evasion (+5).
   It insulates you from electricity.
   It lets you fly.
   It protects you from missiles.
 y - a +4 ring of protection (right paw)
 z - an uncursed ring of fire
 A - an uncursed ring of stealth
 C - the ring of Cyemm {Fire *Contam +Blink Str+7}
   (You found it on level 6 of the Lair of Beasts)

   [ring of fire]

   It enhances your fire magic.
   It affects your strength (+7).
   It protects you from fire.
   It makes you vulnerable to cold.
   It lets you blink.
   It causes magical contamination when unequipped.
 D - an uncursed ring of ice
 E - an uncursed amulet of guardian spirit
 I - a ring of protection from cold (left paw)
 N - a cursed ring of teleportation {unknown}
Wands
 e - a wand of digging (2)
 j - a wand of enslavement (5)
 u - a wand of polymorph (21)
 B - a wand of flame (15)
 F - a wand of random effects (39)
Scrolls
 a - 3 scrolls of fog
 i - 15 scrolls of teleportation
 k - 5 scrolls of blinking
 m - 4 scrolls of immolation
 n - 5 scrolls of fear
 p - 10 scrolls of remove curse
 t - 4 scrolls of magic mapping
 G - 2 scrolls of identify
 J - a scroll of holy word
 L - a scroll of summoning
 M - a scroll of vulnerability {unknown}
Potions
 c - a potion of might
 d - 8 potions of curing
 l - 5 potions of stabbing
 o - a potion of haste
 r - 11 potions of ambrosia
 s - 2 potions of brilliance
 H - a potion of flight
 K - a potion of invisibility
Miscellaneous
 q - a lightning rod (4/4)
 w - a phantom mirror
 x - a phial of floods


   Skills:
 - Level 12.0 Fighting
 - Level 12.5 Dodging
 - Level 12.5 Stealth
 - Level 4.6 Unarmed Combat
 - Level 13.5 Spellcasting
 * Level 12.9 Transmutations
 - Level 3.0 Fire Magic
 - Level 3.0 Air Magic
 * Level 2.3 Earth Magic
 - Level 10.5 Poison Magic
 - Level 7.5 Evocations


You had 2 spell levels left.
You knew the following spells:

 Your Spells              Type           Power        Failure   Level
a - Sting                 Tmut/Pois      ####         1%          1
c - Eringya's Noxious Bo  Tmut/Pois      ######....   8%          6
d - Olgreb's Toxic Radia  Pois           #####...     1%          4
e - Petrify               Tmut/Erth      #####...     2%          4
f - Alistair's Intoxicat  Tmut/Pois      ######...    1%          5
i - Ignite Poison         Fire/Tmut/Pois #####...     1%          3
p - Poisonous Vapours     Pois/Air       ####..       1%          2
r - Irradiate             Conj/Tmut      ####......   12%         5
x - Mephitic Cloud        Conj/Pois/Air  ####....     2%          3
z - Statue Form           Tmut/Erth      #####....    36%         6

Your spell library contained the following spells:

 Spells                   Type           Power        Failure   Level
 Corona                   Hex            ##.....      6%          1
 Summon Small Mammal      Summ           ##..         6%          1
 Call Imp                 Summ           ##......     9%          2
 Ensorcelled Hibernation  Hex/Ice        ##....       9%          2
 Slow                     Hex            ##......     9%          2
 Sublimation of Blood     Necr           ##........   9%          2
 Hydra Form               Tmut           ######....   4%          6
 Inner Flame              Hex/Fire       ###.....     10%         3
 Call Canine Familiar     Summ           ##......     19%         3
 Confusing Touch          Hex            ##......     19%         3
 Dazzling Flash           Conj/Hex       ##....       19%         3
 Summon Guardian Golem    Hex/Summ       ##......     19%         3
 Tukima's Dance           Hex            ##......     19%         3
 Dragon Form              Tmut           ######....   26%         7
 Summon Lightning Spire   Summ/Air       ###.....     32%         4
 Leda's Liquefaction      Hex/Erth       ###.......   36%         4
 Cause Fear               Hex            ##........   52%         4
 Summon Ice Beast         Ice/Summ       ##......     52%         4
 Silence                  Hex/Air        ###.......   65%         5
 Conjure Ball Lightning   Conj/Air       ###.......   99%         6
 Tornado                  Air            ###.......   100%        9
 Portal Projectile        Hex/Tloc       Unusable     N/A         3

Dungeon Overview and Level Annotations

Branches:
Dungeon (15/15)            Temple (1/1) D:7            Lair (6/6) D:9
  Swamp (1/4) Lair:3       Spider (0/4) Lair:4        Slime (0/5) Lair:6
    Orc (2/2) D:9             Elf (0/3) Orc:2        Vaults (0/5) D:14
 Depths (0/5) D:15          Sewer (visited)          Bailey (visited)

Altars:
Ashenzari
Cheibriados
Elyvilon
Fedhas
Gozag
Hepliaklqana
Kikubaaqudgha
Makhleb
Nemelex Xobeh
Okawaru
Ru
Trog
Uskayaw
Vehumet
Wu Jian
Xom
Yredelemnul
Zin
The Shining One

Shops:
D:4 ?   D:13 [   D:15 :   Orc:2 **[:?!:

Portals:
Pandemonium: Orc:2

Annotations:
Lair:2 exclusion: 2 oklob plants
Swamp:1 Donald


Innate Abilities, Weirdness & Mutations

You cannot wear armour.
You are incapable of wielding weapons or throwing items.
Your paws allow you to move quietly. (Stealth)
You have sharp claws.
You have razor-sharp teeth.
You have supernaturally acute eyesight. (SInv)
((You cover ground quickly.))
((Your thick and shaggy fur keeps you warm. (AC +3, rC+)))
Your sharp claws are effective at attacking unaware monsters.
((You are partially covered in slimy green scales. (AC +2)))
((You are partially covered in yellow scales. (AC +2)))
Your body sometimes deteriorates upon taking damage.
You expend magic power (3 MP) to strengthen your wands.


Message History

You completely miss Donald.
Donald is almost dead.
Donald says, "Don't you hate leeches?
I know I do."
Donald misses you.
Unknown command.
Unknown command.
Unknown command.
Donald blocks your attack.
Donald is almost dead.
Donald hits you but does no damage.
Unknown command.
You claw Donald!
Donald is almost dead.
Donald hits you but does no damage.
Unknown command.
You barely miss Donald. Donald blocks your attack.
Donald is almost dead.
Donald hits you with a +2 double sword of electrocution!!!
You die...
Your body crumbles into a pile of gold.

......♣ ♣♣≈≈.≈≈≈....§≈
...≈≈≈.≈ ♣♣♣♣≈♣≈.≈≈.♣..♣≈.
...≈≈≈≈≈.♣....≈♣....♣♣♣♣♣.
≈.≈.≈≈≈≈..≈≈..♣♣≈..≈♣
≈≈≈.....≈♣♣♣♣♣♣≈≈..
≈≈≈.♣..≈.≈♣ ♣♣♣♣.≈
.≈≈≈..≈≈.≈♣♣♣..≈..≈
.≈≈≈......≈≈≈.≈≈..≈
..≈≈.......8≈...≈♣
♣♣...♣≈...≈@..≈.♣♣
♣♣≈......≈≈≈≈..♣
♣≈.....≈≈≈≈.♣♣♣
≈.♣♣≈.≈≈≈≈≈.♣ ..
♣♣.≈≈≈≈..≈ ♣.....≈..♣
♣....≈≈♣♣♣


You could see Donald (fast, strong).

Vanquished Creatures
  Jorgrun (Orc:1)
  An orc warlord (Orc:2)
  2 entropy weavers (Lair:4)
  A fire dragon (D:15)
  A yaktaur captain (D:14)
  Josephine (Orc:1)
  Fannar (D:10)
  An ice dragon (D:15)
  Harold (D:8)
  Erolcha (D:10)
  11 hydras
  Erica (Orc:1)
  A queen ant (Lair:4)
  3 centaur warriors
  A boulder beetle (D:15)
  An alligator (Lair:3)
  A catoblepas (Lair:2)
  2 ogre magi (D:15)
  10 two-headed ogres
  4 orc high priests (Orc:2)
  Nergalle (D:12)
  A sixfirhy (Orc:2)
  A torturous demonspawn (Orc:2)
  A swamp dragon (Swamp:1)
  4 unseen horrors
  2 gelid demonspawn (Orc:2)
  2 wizards
  11 orc knights
  3 oklob plants
  7 orc sorcerers (Orc:2)
  A manticore (D:12)
  3 deep elf magi
  3 ugly things (D:15)
  Maurice (D:10)
  4 elephants (Lair:6)
  5 black mambas
  An ice statue (D:9)
  24 cane toads
  A gargoyle (D:11)
  A kobold demonologist (D:15)
  An efreet (D:14)
  4 rime drakes
  9 komodo dragons
  A freezing wraith (D:15)
  An ice devil (Orc:2)
  2 yaktaurs (D:14)
  A red devil (Orc:2)
  A harpy zombie (D:14)
  A queen bee (Lair:3)
  A meliai (D:15)
  A hornet (Swamp:1)
  9 trolls
  18 slime creatures
  Prince Ribbit (Lair:1)
  4 tyrant leeches (Lair:6)
  24 blink frogs
  Grinder (D:3)
  4 bog bodies
  3 meliai zombies
  11 dream sheep (Lair:6)
  A spriggan (Swamp:1)
  3 wyverns
  7 wraiths
  46 yaks
  3 basilisks
  Grum (D:8)
  11 vampire mosquitoes
  A chaos spawn (Orc:2)
  4 wargs
  4 insubstantial wisps
  4 swamp worms
  3 acid dragons
  25 soldier ants
  A naga (D:10)
  A floating eye (D:15)
  10 water moccasins
  8 sky beasts
  A phantom (D:5)
  3 ice beasts
  5 black bears
  2 eyes of draining (D:11)
  42 orc warriors
  13 centaurs
  A necrophage (D:10)
  16 wolves
  17 ogres
  34 bullfrogs
  A wyvern skeleton (D:11)
  6 scorpions
  34 killer bees
  13 wights
  2 electric eels
  6 howler monkeys
  3 centaur zombies
  7 jellies
  2 quasits
  5 bullfrog zombies
  6 centaur skeletons
  23 orc priests
  3 bullfrog skeletons
  A gnoll shaman (D:4)
  3 hounds
  4 iguanas
  12 orc wizards
  Ijyb (D:3)
  28 worker ants
  A hound zombie (D:5)
  A hound skeleton (D:5)
  2 worker ant zombies
  4 gnolls (D:4)
  14 adders
  3 shadow imps
  3 white imps
  An ufetubus (D:8)
  An adder zombie (D:5)
  3 worms
  A dart slug (D:3)
  5 leopard geckos
  92 orcs
  5 giant cockroaches
  9 goblins
  4 hobgoblins
  13 jackals
  8 kobolds
  4 quokkas
  3 ball pythons
  7 bats
  2 frilled lizards
  A jackal skeleton (D:6)
  A jackal zombie (D:5)
  8 rats
844 creatures vanquished.

Vanquished Creatures (collateral kills)
  A catoblepas (D:15)
  A wraith (Orc:1)
  An orc (Orc:1)
3 creatures vanquished.

Vanquished Creatures (others)
  4 cane toads
  3 blink frogs
  A yak (Lair:6)
  A water moccasin (Lair:5)
  A wolf (Lair:2)
  3 bullfrogs
  A worker ant (Lair:6)
  A kobold (D:3)
  4 bushes (Lair:6)
  87 fungi
  143 plants
249 creatures vanquished.

Grand Total: 1096 creatures vanquished

Notes
Turn   | Place    | Note
-------+----------+-------------------------------------------
     0 | D:5      | dickylongcocking the Felid Delver began the quest for the
                  | Orb.
     0 | D:5      | Reached XP level 1. HP: 10/10 MP: 2/2
    22 | D:5      | Reached XP level 2. HP: 14/14 MP: 3/3
    36 | D:5      | Found an iron altar of Okawaru.
    38 | D:5      | Reached XP level 3. HP: 17/17 MP: 4/4
    40 | D:5      | Reached XP level 4. HP: 21/21 MP: 5/5
    60 | D:5      | Noticed an ice beast
    84 | D:5      | Noticed a sky beast
   105 | D:5      | Noticed a phantom
   111 | D:6      | Noticed a centaur
   114 | D:6      | Found a glowing drain.
   124 | Sewer    | Entered a sewer
   360 | Sewer    | Noticed Purgy
   420 | Sewer    | Learned a level 1 spell: Sting
   527 | D:5      | Slain by a phantom
   528 | D:5      | Reached XP level 3. HP: -5/17 MP: 4/4
   536 | D:5      | Noticed a sky beast
   752 | D:4      | Reached skill level 1 in Transmutations
   759 | D:4      | Reached XP level 4. HP: 15/21 MP: 0/5
  2342 | D:2      | Reached skill level 1 in Poison Magic
  2648 | D:3      | Reached XP level 5. HP: 24/24 MP: 6/6
  3074 | D:2      | Learned a level 2 spell: Poisonous Vapours
  3577 | D:3      | Noticed a two-headed ogre
  3617 | D:3      | Killed a two-headed ogre
  3617 | D:3      | Reached skill level 3 in Spellcasting
  3617 | D:3      | Reached skill level 5 in Transmutations
  3617 | D:3      | Gained mutation: You are covered in thick fur. (AC +2)
                  | [Felid growth]
  3617 | D:3      | Reached XP level 6. HP: 28/28 MP: 0/11
  3617 | D:3      | Reached XP level 7. HP: 31/31 MP: 0/12
  3622 | D:3      | Learned a level 3 spell: Ignite Poison
  4093 | D:3      | Found a hazy altar of Hepliaklqana.
  4096 | D:3      | Found a broken altar of Ashenzari.
  4097 | D:3      | Found a sacrificial altar of Ru.
  4158 | D:3      | Noticed Grinder
  4169 | D:3      | Paralysed by Grinder for 4 turns
  4174 | D:3      | Gained mutation: You expend magic power (3 MP) to
                  | strengthen your wands. [potion of mutation]
  4174 | D:3      | Gained mutation: You possess an exceptional clarity of
                  | mind. [potion of mutation]
  4179 | D:3      | Killed Grinder
  4179 | D:3      | Reached XP level 8. HP: 15/34 MP: 1/14
  4526 | D:3      | Noticed Ijyb
  4528 | D:3      | Killed Ijyb
  4829 | D:4      | Found Xicemm's Magic Scroll Emporium.
  4841 | D:4      | Bought a scroll of blinking for 105 gold pieces
  4841 | D:4      | Bought a scroll of fear for 49 gold pieces
  4841 | D:4      | Bought a scroll of teleportation for 42 gold pieces
  4856 | D:4      | Found a sacrificial altar of Ru.
  5010 | D:4      | Learned a level 4 spell: Olgreb's Toxic Radiance
  5011 | D:4      | Reached skill level 4 in Spellcasting
  5526 | D:4      | Found an ornate altar of the Wu Jian Council.
  5531 | D:4      | Found a sparkling altar of Nemelex Xobeh.
  5935 | D:4      | Learned a level 3 spell: Mephitic Cloud
  6425 | D:5      | Reached skill level 5 in Poison Magic
  6717 | D:5      | Reached skill level 5 in Spellcasting
  7475 | D:6      | Reached XP level 9. HP: 31/37 MP: 8/17
  7483 | D:6      | Reached skill level 1 in Fire Magic
  7483 | D:6      | Reached skill level 1 in Air Magic
  7994 | D:6      | Noticed an unseen horror
  7998 | D:6      | Killed an unseen horror
  8496 | D:7      | Reached skill level 6 in Spellcasting
  9297 | D:7      | Found a staircase to the Ecumenical Temple.
  9320 | Temple   | Entered the Ecumenical Temple
  9526 | Temple   | Became a worshipper of Gozag Ym Sagoz the Greedy
 10047 | D:8      | Noticed Grum
 10053 | D:8      | Killed Grum
 10220 | D:8      | Reached XP level 10. HP: 42/42 MP: 16/21
 10244 | D:8      | Reached skill level 7 in Spellcasting
 10302 | D:8      | Noticed Harold
 10331 | D:8      | Killed Harold
 11315 | D:9      | Found a staircase to the Lair.
 11551 | D:9      | Found a staircase to the Orcish Mines.
 11573 | D:9      | Reached skill level 5 in Dodging
 12115 | D:9      | Reached skill level 5 in Fighting
 12163 | D:9      | Reached skill level 8 in Spellcasting
 12568 | D:9      | Found a bloodstained altar of Trog.
 12616 | D:9      | Noticed an ice statue
 12723 | D:9      | Killed an ice statue
 12975 | Orc:1    | Entered Level 1 of the Orcish Mines
 13103 | Orc:1    | Noticed a two-headed ogre
 13115 | Orc:1    | Killed a two-headed ogre
 13115 | Orc:1    | Reached XP level 11. HP: 48/48 MP: 10/24
 13372 | Orc:1    | Noticed Josephine
 13385 | Orc:1    | Killed from afar by Josephine
 13386 | Orc:1    | Reached XP level 10. HP: -9/45 MP: 0/23
 13388 | Orc:1    | Noticed a two-headed ogre
 13393 | Orc:1    | Killed a two-headed ogre
 13413 | Orc:1    | Slain by an ogre
 13414 | Orc:1    | Reached XP level 9. HP: -5/41 MP: 4/22
 13420 | Orc:1    | Noticed Erica
 13425 | Orc:1    | Killed Erica
 13642 | Orc:1    | Killed Josephine
 13642 | Orc:1    | Reached skill level 1 in Evocations
 13642 | Orc:1    | Reached XP level 10. HP: 29/46 MP: 0/23
 13855 | D:10     | Entered Level 10 of the Dungeon
 13855 | D:10     | Found a shimmering altar of Xom.
 14110 | D:10     | Noticed Maggie
 14126 | D:10     | Noticed Maggie
 14126 | D:10     | Maggie changed into Maggie the naga
 14128 | D:10     | Killed Maggie the naga
 14851 | D:10     | Noticed an unseen horror
 14857 | D:10     | Killed an unseen horror
 14857 | D:10     | Reached skill level 9 in Spellcasting
 14865 | D:10     | Found a shimmering altar of Xom.
 14984 | D:10     | Noticed Maurice
 14992 | D:10     | Killed Maurice
 15088 | D:10     | Noticed Fannar
 15095 | D:10     | Killed Fannar
 15330 | D:10     | Reached XP level 11. HP: 46/50 MP: 25/25
 15512 | D:10     | HP: 1/50 [wraith (11)]
 15837 | D:10     | Noticed Erolcha
 15842 | D:10     | Killed Erolcha
 17817 | D:12     | Found a flagged portal.
 17835 | Bailey   | Entered a bailey
 18453 | Bailey   | Noticed an orc knight
 18453 | Bailey   | Noticed an orc knight
 18459 | Bailey   | Killed an orc knight
 18461 | Bailey   | Killed an orc knight
 18608 | Bailey   | Noticed an orc knight
 18611 | Bailey   | Killed an orc knight
 18772 | D:12     | Noticed Nergalle
 18777 | D:12     | Killed Nergalle
 18893 | D:12     | Reached skill level 5 in Evocations
 19145 | D:12     | Noticed a deep elf mage
 19332 | D:12     | Reached skill level 10 in Dodging
 19517 | D:11     | Killed a deep elf mage
 20220 | D:12     | Gained mutation: Your thick and shaggy fur keeps you warm.
                  | (AC +3, rC+) [Felid growth]
 20220 | D:12     | Reached XP level 12. HP: 55/55 MP: 2/26
 20220 | D:12     | Reached skill level 10 in Poison Magic
 20514 | D:12     | Reached skill level 10 in Spellcasting
 21455 | D:12     | Noticed a two-headed ogre
 21462 | D:12     | Killed a two-headed ogre
 22010 | Orc:2    | Entered Level 2 of the Orcish Mines
 22079 | Orc:1    | HP: 1/56 [orc priest/divine providence (10)]
 22841 | Orc:2    | Noticed an orc warlord
 23220 | Orc:1    | Noticed Jorgrun
 23229 | Orc:1    | Killed Jorgrun
 23585 | Orc:2    | Found a staircase to the Elven Halls.
 24166 | Orc:2    | Found Duuvem's General Store.
 24493 | Orc:2    | Found Koer's General Store.
 25099 | Orc:2    | Killed an orc warlord
 25321 | Orc:2    | Reached XP level 13. HP: 50/60 MP: 0/28
 27241 | Orc:2    | Reached skill level 11 in Spellcasting
 27300 | Orc:2    | Found Nann's Book Shop.
 27300 | Orc:2    | Found Vokumefu's Antique Armour Boutique.
 27301 | Orc:2    | Found a one-way gate leading to the halls of Pandemonium.
 27436 | Orc:2    | Bought a scroll of fear for 49 gold pieces
 27436 | Orc:2    | Bought a scroll of magic mapping for 49 gold pieces
 27549 | Lair:1   | Entered Level 1 of the Lair of Beasts
 28262 | Lair:1   | Noticed Prince Ribbit
 28266 | Lair:1   | Reached skill level 10 in Fighting
 28267 | Lair:1   | Killed Prince Ribbit
 29050 | Orc:2    | Bought a book of Alchemy for 1350 gold pieces
 29138 | Lair:1   | Learned a level 5 spell: Irradiate
 29145 | Lair:1   | Learned a level 6 spell: Eringya's Noxious Bog
 29798 | Lair:2   | Learned a level 4 spell: Petrify
 31236 | Lair:2   | Reached XP level 14. HP: 39/66 MP: 0/30
 31813 | Lair:2   | Splashed by an oklob plant's acid
 31814 | Lair:2   | Reached XP level 13. HP: -4/61 MP: 0/29
 33647 | Lair:3   | Found a staircase to the Swamp.
 33863 | Lair:4   | Reached skill level 10 in Stealth
 34253 | Lair:4   | Noticed an entropy weaver
 34255 | Lair:4   | Noticed an entropy weaver
 34263 | Lair:4   | Killed an entropy weaver
 34263 | Lair:4   | Reached skill level 10 in Transmutations
 34265 | Lair:4   | Killed an entropy weaver
 34626 | Lair:4   | Found a hole to the Spider Nest.
 36898 | Lair:6   | Entered Level 6 of the Lair of Beasts
 36929 | Lair:6   | Reached skill level 12 in Spellcasting
 37127 | Lair:6   | Reached XP level 14. HP: 60/67 MP: 3/31
 41029 | Lair:6   | Found the amulet of the Air {Inacc +Fly rElec EV+5 RMsl}
 41041 | Lair:6   | Identified the ring of Cyemm {Fire *Contam +Blink Str+7}
                  | (You found it on level 6 of the Lair of Beasts)
 41456 | Lair:6   | Found a staircase to the Slime Pits.
 41717 | Lair:6   | Learned a level 5 spell: Alistair's Intoxication
 41963 | D:13     | Found a burning altar of Makhleb.
 42568 | D:13     | Found Omusch's Antique Armour Shop.
 43028 | D:14     | Found a white marble altar of Elyvilon.
 43732 | D:14     | Found a snail-covered altar of Cheibriados.
 43804 | D:14     | Found a gate to the Vaults.
 43987 | D:15     | Entered Level 15 of the Dungeon
 44801 | D:15     | Reached skill level 13 in Spellcasting
 45077 | D:15     | Reached XP level 15. HP: 11/72 MP: 17/33
 46219 | D:15     | Found Esick's Book Emporium.
 46236 | D:15     | Bought a book of Transfigurations for 1045 gold pieces
 46243 | D:15     | Learned a level 6 spell: Statue Form
 46523 | D:15     | Found a staircase to the Depths.
 46543 | D:15     | Reached skill level 1 in Earth Magic
 47223 | Swamp:1  | Entered Level 1 of the Swamp
 47674 | Swamp:1  | Gained mutation: Your body sometimes deteriorates upon
                  | taking damage. [mutagenic glow]
 48172 | Swamp:1  | Lost mutation: Your body sometimes deteriorates upon taking
                  | damage. [potion of mutation]
 48172 | Swamp:1  | Lost mutation: You expend magic power (3 MP) to strengthen
                  | your wands. [potion of mutation]
 48172 | Swamp:1  | Lost mutation: You possess an exceptional clarity of mind.
                  | [potion of mutation]
 48172 | Swamp:1  | Gained mutation: You are dopey. (Int -2) [potion of
                  | mutation]
 48172 | Swamp:1  | Gained mutation: Your spells are a little harder to cast,
                  | but a little more powerful. [potion of mutation]
 48172 | Swamp:1  | Gained mutation: You are partially covered in slimy green
                  | scales. (AC +2) [potion of mutation]
 48173 | Swamp:1  | Lost mutation: Your spells are a little harder to cast, but
                  | a little more powerful. [potion of mutation]
 48173 | Swamp:1  | Lost mutation: You are dopey. (Int -2) [potion of mutation]
 48173 | Swamp:1  | Gained mutation: You expend magic power (3 MP) to
                  | strengthen your wands. [potion of mutation]
 48173 | Swamp:1  | Gained mutation: Your body sometimes deteriorates upon
                  | taking damage. [potion of mutation]
 48173 | Swamp:1  | Gained mutation: You are partially covered in yellow
                  | scales. (AC +2) [potion of mutation]
 48421 | Swamp:1  | Noticed Donald
 48439 | Swamp:1  | HP: 3/140 [Donald/+2 double sword of electrocution (17)]
 48443 | Swamp:1  | Annihilated by Donald

Illustrated notes

Levels and vault maps discovered:
D:1:      psy_arrival_fountain, layout_basic
D:2:      layout_basic, minmay_misc_feat_x
D:3:      layout_loops_cross, gammafunk_temple_overflow_forgotten,
          serial_forest, infiniplex_forest_lined_2, infiniplex_forest_fountain,
          infiniplex_forest_straight_2, infiniplex_forest_lined_3,
          infiniplex_forest_lined_corner, infiniplex_forest_lined_corner,
          chequers_serial_rivers_micro_b, uniq_ijyb, uniq_grinder
D:4:      layout_rooms, amethyst_overflow_temple_binary, serial_shops, shop,
          hangedman_decor_growths, nicolae_ru_awakened_eye
D:5:      layout_cave_pools, yredelemnul_altar_generic, lemuel_doored_altar,
          eino_small_chamber_without_monster, chequers_serial_rivers_micro_b
D:6:      layout_loops_ring, portal_sewer_entry_a, minmay_small_thing
D:7:      layout_rooms, minmay_temple_entry_wispy, kennysheep_generic_room_13
D:8:      layout_loops_ring, minivault_24, uniq_grum, uniq_harold
D:9:      layout_basic, old_standard_altar, due_lair_maze_entry_diamond,
          orc_0_dummy, minivault_16, hangedman_corner_corridor
D:10:     layout_stronghold, basic_altar, xom_teletrap_fun, uniq_maurice,
          uniq_fannar, uniq_erolcha, uniq_maggie
D:11:     kennysheep_ambush_hall, layout_basic, corexii_corridor_pit
D:12:     layout_irregular_city, enter_bailey_2, uniq_nergalle
D:13:     layout_basic, serial_shops, shop_fountains, lemuel_statue_altar
D:14:     layout_rooms, david_vaults_2, cheibriados_altar_1, elyvilon_altar_3
D:15:     grunt_enter_depths_hoard, layout_rooms, small_statue_alley_a,
          serial_shops, shop, fungi_pond_lemuel, onia_ninara_cookie
Temple:   minmay_temple_curvy_branch
Lair:1:   layout_cave_pods, uniq_prince_ribbit2
Lair:2:   layout_layer_cave, grunt_megastairs_2, minmay_lair_oklob_chamber,
          lemuel_fruit_fields
Lair:3:   layout_cave_pods, nicolae_swamp_entry_splash_gauntlet, special_room
          [special_room_bee]
Lair:4:   layout_roguey, spider_nest_entry_web_field, minivault_29
Lair:5:   layout_layer_cave, minmay_stone_trees_medium
Lair:6:   minmay_lair_end_frog_pond, layout_regular_city,
          minmay_slime_entry_pillars, serial_bayou_shore_b
Swamp:1:  layout_basic_swamp, evilmike_swamp_ruin_rubble_2, swamp_pool5,
          uniq_donald, uniq_kirke
Orc:1:    layout_diamond_mine, uniq_jorgrun, uniq_josephine, uniq_erica
Orc:2:    pf_orc_diabolical, layout_diamond_mine

Skill      XL: |  1  2  3  4  5  6  7  8  9 10 11 12 13 14 15 |
---------------+----------------------------------------------+-----
Unarmed Combat | 3 4 |  4.6
Transmutations | 1 3 5 7 10 12 | 12.9
Poison Magic   | 1 3 4 5 7 9 10 | 10.5
Spellcasting   | 3 5 6 9 10 12 13 | 13.5
Fire Magic     | 3 |  3.0
Air Magic      | 3 |  3.0
Dodging        | 8 10 11 12 | 12.5
Fighting       | 6 7 8 9 11 12 | 12.0
Evocations     | 1 3 5 7 |  7.5
Stealth        | 11 12 | 12.5
Earth Magic    | 2 |  2.3

Action                   |  1- 3 |  4- 6 |  7- 9 | 10-12 | 13-15 || total
-------------------------+-------+-------+-------+-------+-------++-------
Melee: Unarmed           |    10 |   106 |   130 |   305 |   414 ||   965
       Bite              |     1 |     4 |    13 |    42 |    67 ||   127
       Punch             |       |     4 |     2 |     8 |    10 ||    24
 Cast: Sting             |     5 |    27 |    44 |    72 |    41 ||   189
       Poisonous Vapours |       |     3 |     6 |     3 |     1 ||    13
       Ignite Poison     |       |       |    44 |   187 |   256 ||   487
       Olgreb's Toxic Ra |       |       |    26 |   163 |   212 ||   401
       Mephitic Cloud    |       |       |     7 |    36 |     8 ||    51
       Petrify           |       |       |       |       |    37 ||    37
       Eringya's Noxious |       |       |       |       |    55 ||    55
       Irradiate         |       |       |       |       |    15 ||    15
       Statue Form       |       |       |       |       |     3 ||     3
       Alistair's Intoxi |       |       |       |       |     3 ||     3
Invok: Potion Petition   |       |       |     1 |       |       ||     1
       Call Merchant     |       |       |       |       |     3 ||     3
Evoke: Wand              |       |       |    22 |    50 |    26 ||    98
       Lightning rod     |       |       |       |     9 |    13 ||    22
  Use: Scroll            |     1 |     1 |    11 |     6 |     8 ||    27
       Potion            |       |     4 |     3 |     5 |    16 ||    28
 Stab: Sleeping          |     6 |    16 |    16 |    13 |    16 ||    67
       Invisible         |       |       |     1 |     2 |       ||     3
       Confused          |       |       |     1 |       |     1 ||     2
       Distracted        |       |       |       |     1 |     3 ||     4
       Petrifying        |       |       |       |       |     9 ||     9
       Petrified         |       |       |       |       |    14 ||    14
       Betrayed ally     |       |       |       |       |     1 ||     1
       Paralysed         |       |       |       |       |     1 ||     1
Armor: Skin              |     2 |     8 |     9 |    36 |    65 ||   120
Dodge: Dodged            |    13 |   126 |   158 |   439 |   816 ||  1552
       Repelled          |       |       |       |       |     2 ||     2

Table legend: (Time is in decaauts)
 A = Elapsed time spent in this place.
 B = Non-inter-level travel time spent in this place.
 C = Inter-level travel time spent in this place.
 D = Time resting spent in this place.
 E = Time spent auto-exploring this place.
 F = Levels seen in this place.
 G = Mean time per level.
                   A        B        C        D        E       F      G
               +--------+--------+--------+--------+--------+-----+--------+
         Total |  44681 |  43160 |   1521 |  15187 |  21283 |  27 | 1654.9 |
       Dungeon |  22632 |  21772 |    860 |   6566 |  11896 |  15 | 1508.8 |
        Temple |    187 |    171 |     16 |      0 |    118 |   1 |  187.0 |
          Lair |  13810 |  13366 |    444 |   4984 |   6701 |   6 | 2301.7 |
         Swamp |    536 |    536 |      0 |    104 |    270 |   1 |  536.0 |
  Orcish Mines |   6312 |   6113 |    199 |   3187 |   1707 |   2 | 3156.0 |
         Sewer |    346 |    346 |      0 |      1 |    200 |   1 |  346.0 |
        Bailey |    854 |    854 |      0 |    342 |    391 |   1 |  854.0 |
               +--------+--------+--------+--------+--------+-----+--------+

Top non-repeatable levels by time:
   Orc:2: 3408 daAuts
  Lair:6: 3173 daAuts
   Orc:1: 2903 daAuts
  Lair:5: 2903 daAuts
  Lair:2: 2736 daAuts
    D:10: 2546 daAuts
  Lair:3: 2427 daAuts
    D:11: 2127 daAuts
    D:15: 2103 daAuts
     D:3: 1896 daAuts
    D:12: 1866 daAuts
    D:14: 1579 daAuts
     D:8: 1528 daAuts
     D:9: 1503 daAuts
  Lair:4: 1290 daAuts
